AoeStats
← anonim

Arabia

508105187Analyzed
1v1 RM · 11d ago on Sep 20, 2026· 28m 24s· 2 players
Game mode
Random Map
Map size
Tiny (2 player)
Population
200
Speed
Normal
Resources
Standard
Victory
Conquest
Starting age
Dark Age
Ending age
Imperial Age
RankedLock teamsTeams togetherTeam positionsShared explorationLock speedFull tech treeHidden civsTurbo modeCheats
Victory
Defeat
🇧🇷 Huns · Brazil
935
+17
🇨🇱 Maya · Chile
957
-17
Crow
6:32 Loom
8:48 Feudal Age
9:52 Double-Bit Axe
18:49 Castle Age
16:47 Horse Collar
17:12 Gold Mining
17:42 Fletching
19:29 Bodkin Arrow
19:45 Bow Saw
19:55 Husbandry
21:38 Padded Archer Armor
25:50 Wheelbarrow
26:51 Bloodlines
anonim
0:28 Loom
11:49 Feudal Age
17:36 Castle Age
17:54 Double-Bit Axe
18:07 Fletching
18:18 Padded Archer Armor
18:38 Padded Archer Armor
18:55 Pikeman
Connection lost

Rejoining the realm…

Still unreachable

The connection could not be restored.

Session expired

The server has moved on; the page needs a fresh start.